 Dungeon Crawl Stone Soup version 0.26-a0-710-g95a0c6c400 (webtiles) character file.

Game seed: 10019465076913798822

95 ringo67 the Caller (level 4, -1/26 HPs)
             Began as a Kobold Summoner on Oct 30, 2020.
             Slain by Sigmund
             ... wielding a +0 scythe
              (10 damage)
             ... on level 2 of the Dungeon.
             The game lasted 00:06:26 (2007 turns).

ringo67 the Caller (Kobold Summoner)                Turns: 2007, Time: 00:06:27

Health: -1/26      AC:  2    Str:  5    XL:     4   Next: 97%
Magic:  1/8        EV: 16    Int: 17    God:
Gold:   74         SH:  0    Dex: 15    Spells: 6/9 levels left

rFire    . . .     SeeInvis .   e - +2 mace (drain)
rCold    . . .     Faith    .   (shield restricted)
rNeg     . . .     Spirit   .   a - +0 robe
rPois    .         Reflect  .   (no helmet)
rElec    .         Harm     .   (no cloak)
rCorr    .         Rampage  .   (no gloves)
MR       .....                  (no boots)
Stlth    +++.......             (no amulet)
HPRegen  0.08/turn              (no ring)
MPRegen  0.11/turn              (no ring)

@: flying
A: small, nightstalker 3
a: no special abilities


You were on level 2 of the Dungeon.
You visited 1 branch of the dungeon, and saw 2 of its levels.

You collected 74 gold pieces.

Inventory:

Hand Weapons
 e - a +2 mace of draining (weapon)
Armour
 a - a +0 robe (worn)
Scrolls
 b - a scroll of amnesia {unknown}
 c - a scroll of identify {unknown}
 f - a scroll of teleportation {unknown}
 i - a scroll of noise {unknown}
Potions
 h - a potion of heal wounds {unknown}


   Skills:
 + Level 1.6 Fighting
 + Level 3.4 Dodging
 - Level 3.0 Stealth
 + Level 3.0 Spellcasting
 + Level 4.6 Summonings


You had 6 spell levels left.
You knew the following spells:

 Your Spells              Type           Power        Failure   Level
a - Summon Small Mammal   Summ           ###.         2%          1
b - Call Imp              Summ           ###.....     4%          2

Your spell library contained the following spells:

 Spells                   Type           Power        Failure   Level
 Call Canine Familiar     Summ           ###.....     8%          3
 Summon Guardian Golem    Hex/Summ       ##......     21%         3
 Summon Ice Beast         Ice/Summ       ##......     56%         4
 Summon Lightning Spire   Summ/Air       ##......     56%         4


Dungeon Overview and Level Annotations

Branches:
Dungeon (2/15)

Altars:

Annotations:
D:2 Sigmund


Innate Abilities, Weirdness & Mutations

You are small and have problems with some larger weapons.
You are completely attuned to the shadows.


Message History

Your crimson imp blinks!
What are your orders? t - Shout!
Orders for allies: a - Attack new target. r - Retreat! s - Stop attacking. g - Guard the area. f - Follow me.
Anything else - Cancel.
Press: ? - help, Dir - move target cursor, f - Sigmund
Aim: Sigmund, wielding a +0 scythe, wearing a +0 robe and wearing a cursed ring of teleportation Attack!
The bat hits your iron imp but does no damage.
Sigmund hits you from afar with a +0 scythe.
Your iron imp hits Sigmund but does no damage.
Casting: Call Imp (safe; 4% risk of failure)
Confirm with . or Enter, or press ? or * to list all spells.
A beastly little devil appears in a puff of frigid air.
The bat hits your iron imp but does no damage.
Your crimson imp hits Sigmund.
Sigmund hits you from afar with a +0 scythe!
You die...

#..### ##.# ##..# #.#
##...# #.# #..#.# #.#
... ##.##.# #.# ...#
#.....# #.#
....####..#### ######..
....@....#######.......
....55@....†.....######
..5.b###5)†..##########
.....###)###.........>.
.........# ############
.....##### .... ....
####


You could see Sigmund, a bat, a friendly iron imp (summoned), 2 friendly crimson
imps and a friendly white imp (summoned).

Vanquished Creatures
  2 gnolls (D:2)
  An ooze (D:1)
  2 worms (D:2)
  A dart slug (D:1)
  A giant cockroach (D:1)
  5 goblins
  3 hobgoblins
  3 jackals
  2 kobolds (D:1)
  2 bats
  3 frilled lizards
  A rat (D:2)
26 creatures vanquished.

Vanquished Creatures (collateral kills)
  Terence (D:2)
  A gnoll (D:2)
  3 worms (D:2)
  A dart slug (D:1)
  A ball python (D:1)
  4 bats
  2 giant cockroaches (D:2)
  3 hobgoblins
  3 jackals
  A frilled lizard (D:2)
  A kobold (D:1)
  7 rats
28 creatures vanquished.

Grand Total: 54 creatures vanquished

Notes
Turn   | Place    | Note
-------+----------+-------------------------------------------
     0 | D:1      | ringo67 the Kobold Summoner began the quest for the Orb.
     0 | D:1      | Reached XP level 1. HP: 10/10 MP: 3/3
   222 | D:1      | Reached XP level 2. HP: 15/15 MP: 5/5
   471 | D:1      | Learned a level 2 spell: Call Imp
   543 | D:1      | Reached XP level 3. HP: 14/19 MP: 6/6
  1115 | D:2      | Noticed Terence
  1121 | D:2      | Killed Terence
  1121 | D:2      | Reached skill level 1 in Fighting
  1175 | D:2      | Reached XP level 4. HP: 23/25 MP: 8/8
  1996 | D:2      | Noticed Sigmund
  2007 | D:2      | Slain by Sigmund

Illustrated notes

Levels and vault maps discovered:
D:1:      zaba_arrival_water, layout_loops_ring
D:2:      layout_rooms, marbit_many_paths, lemuel_old_faithful, uniq_sigmund,
          uniq_terence

Skill      XL: |  1  2  3  4 |
---------------+-------------+-----
Stealth        | 3 |  3.0
Fighting       | 1 |  1.6
Dodging        | 3 |  3.4
Spellcasting   | 3 |  3.0
Summonings     | |  4.6

Action                   |  1- 3 |  4- 6 || total
-------------------------+-------+-------++-------
Melee: Unarmed           |    32 |       ||    32
       Mace              |    31 |    39 ||    70
 Cast: Summon Small Mamm |    12 |       ||    12
       Call Imp          |     5 |    12 ||    17
  Use: Potion            |       |     2 ||     2
 Stab: Sleeping          |     3 |     2 ||     5
       Distracted        |       |     1 ||     1
Armor: Robe              |    17 |     6 ||    23
Dodge: Dodged            |    60 |    40 ||   100

Table legend: (Time is in decaauts)
 A = Elapsed time spent in this place.
 B = Non-inter-level travel time spent in this place.
 C = Inter-level travel time spent in this place.
 D = Time resting spent in this place.
 E = Time spent auto-exploring this place.
 F = Levels seen in this place.
 G = Mean time per level.
                   A        B        C        D        E       F      G
               +--------+--------+--------+--------+--------+-----+--------+
         Total |   2075 |   2038 |     37 |    363 |   1186 |   2 | 1037.5 |
       Dungeon |   2075 |   2038 |     37 |    363 |   1186 |   2 | 1037.5 |
               +--------+--------+--------+--------+--------+-----+--------+

Top non-repeatable levels by time:
     D:1: 1081 daAuts
     D:2: 993 daAuts
